Map: Data-C

Players

Kelazhur

  • Race: Terran Terran
  • League: Master
  • Spawn Location: 9:00

Harstem - Winner!

  • Race: Protoss Protoss
  • League: Master
  • Spawn Location: 3:00

VOD

Have the link to the VOD?

Description

Time

  • Played on: Oct. 19, 2022, 3:04 p.m.
  • Length: 12:35
Show
View Real Time Build Order
Export as new Build Order

Kelazhur Terran 

Build Orders:  

Get SALT Encoding   

  12  0:00  SCV  
  13  0:12  SCV  
  14  0:17  Supply Depot  
  14  0:24  SCV  
  15  0:38  SCV  
  15  0:39  Barracks  
  16  0:42  Refinery  
  16  0:50  SCV  
  17  1:02  SCV  
  18  1:14  SCV  
  19  1:26  Marine  
  19  1:27  Orbital Command  
  20  1:41  Command Center  
  20  1:46  Barracks Reactor  
  20  1:52  SCV  
  21  1:57  Supply Depot  
  21  2:04  SCV  
  22  2:09  Factory  
  22  2:16  SCV  
  22  2:19  Refinery  
  22  2:22  Marine  
  23  2:23  Marine  
  23  2:28  SCV  
  26  2:40  SCV, Marine x2  
  29  2:53  SCV  
  29  2:54  Starport  
  29  2:55  Hellion  
  32  3:01  Orbital Command  
  31  3:05  SCV  
  31  3:07  Marine  
  31  3:09  Marine  
  34  3:17  SCV, Widow Mine  
  37  3:26  Marine  
  37  3:27  SCV, Marine  
  38  3:31  SCV  
  38  3:32  Medivac  
  42  3:36  Supply Depot  
  42  3:39  SCV  
  42  3:41  Widow Mine  
  45  3:44  SCV  
  46  3:54  Supply Depot  
  46  3:57  SCV x2, Marine x2  
  46  4:08  Viking  
  46  4:09  SCV, Factory Tech Lab  
  46  4:10  SCV  
  43  4:21  SCV  
  43  4:25  SCV  
  43  4:26  Marine x2  
  46  4:33  SCV  
  46  4:37  SCV  
  44  4:44  Marine  
  43  4:46  SCV  
  43  4:48  Cyclone  
  43  4:49  SCV  
  46  4:57  Marine  
  46  4:58  SCV  
  46  5:01  SCV  
  46  5:02  Marine  
  46  5:10  SCV  
  46  5:13  SCV, Viking  
  50  5:17  Marine  
  50  5:20  Marine  
  52  5:22  SCV  
  52  5:25  Barracks, SCV  
  52  5:26  Cyclone  
  57  5:34  SCV  
  58  5:37  SCV, Marine  
  60  5:46  Supply Depot, SCV  
  60  5:47  Starport Tech Lab  
  60  5:49  Barracks, SCV  
  62  5:51  Supply Depot  
  62  6:02  SCV  
  62  6:03  Marine  
  62  6:04  SCV, Marine  
  53  6:14  SCV  
  53  6:16  Engineering Bay  
  53  6:18  SCV  
  52  6:19  Marine, Factory Reactor  
  52  6:20  Stimpack  
  52  6:21  Marine x2  
  55  6:26  Command Center, SCV  
  55  6:29  Starport Reactor  
  55  6:30  SCV  
  56  6:38  SCV  
  57  6:40  Marine x2  
  57  6:41  Refinery  
  57  6:42  SCV  
  57  6:44  Missile Turret  
  57  6:45  Missile Turret  
  60  6:50  SCV  
  60  6:51  Marine x2  
  60  6:53  Combat Shield  
  63  6:54  SCV  
  63  6:57  Terran Infantry Weapons Level 1, Marine  
  63  6:59  Refinery  
  65  7:02  SCV  
  65  7:06  SCV, Marine  
  65  7:08  Medivac x2, Widow Mine x2, Marine  
  71  7:14  Marine  
  71  7:15  Supply Depot, SCV  
  78  7:18  SCV  
  78  7:22  Marine  
  80  7:23  Supply Depot  
  80  7:25  Marine  
  80  7:26  Marine  
  80  7:27  SCV  
  83  7:30  SCV  
  83  7:31  Widow Mine  
  83  7:34  Supply Depot  
  83  7:36  Marine  
  89  7:37  Widow Mine  
  89  7:38  Medivac x2  
  89  7:42  Marine  
  94  7:45  SCV  
  94  7:46  SCV  
  96  7:55  Barracks  
  96  7:56  Missile Turret  
  96  7:57  Barracks  
  96  7:58  SCV  
  97  8:05  SCV  
  98  8:08  Orbital Command  
  98  8:12  Concussive Shells, Marauder x2, Marine x2  
  104  8:13  Widow Mine  
  104  8:14  SCV  
  104  8:19  Medivac, Widow Mine  
  111  8:24  SCV, Armory  
  112  8:28  SCV  
  112  8:31  Medivac  
  115  8:37  SCV, Marauder x2, Marine x2  
  115  8:40  Widow Mine  
  124  8:44  SCV  
  125  8:50  Barracks Reactor, Barracks Tech Lab  
  125  8:55  Refinery, Terran Infantry Armor Level 1  
  125  8:56  Ghost Academy  
  125  9:01  Supply Depot  
  125  9:05  Supply Depot  
  125  9:09  SCV  
  125  9:19  Refinery  
  125  9:21  Supply Depot  
  125  9:23  Medivac x2, Marauder, Marine x2  
  133  9:26  SCV x3  
  133  9:27  Supply Depot, Widow Mine x2  
  140  9:38  Marine  
  140  9:42  SCV, Marauder x2, Marine x2  
  140  9:44  Ghost  
  142  9:49  SCV, Widow Mine x2, Orbital Command  
  139  9:57  Medivac  
  123  10:03  SCV, Ghost x2  
  119  10:07  Marine  
  119  10:08  Marine x2  
  119  10:11  SCV  
  119  10:12  Ghost  
  125  10:17  SCV  
  120  10:21  Marine  
  120  10:25  Marine  
  120  10:26  Marine  
  120  10:27  SCV  
  114  10:32  Marine  
  114  10:33  SCV x2, Marine  
  114  10:34  Marine  
  116  10:41  Ghost  
  118  10:42  SCV  
  118  10:45  SCV  
  118  10:48  SCV  
  120  10:51  Marine, Ghost  
  120  10:52  Marine x3  
  126  10:57  Liberator x2  
  126  10:59  Marauder  
  126  11:01  Supply Depot, Command Center  
  134  11:05  Widow Mine  
  134  11:06  Widow Mine  
  134  11:09  Marine x3  
  141  11:11  Marine  
  141  11:12  Marauder  
  144  11:20  Marine x2  
  144  11:23  Supply Depot  
  146  11:27  Widow Mine x2  
  146  11:28  Marine  
  151  11:33  Marauder  
  151  11:38  Marauder x2, Marine x2  
  158  11:40  Viking x2  
  158  11:43  Marine  
  158  11:46  Supply Depot  
  158  11:47  Supply Depot  
  163  11:48  Widow Mine x2  
  146  11:54  Marauder  
  146  11:57  Marine  
  146  12:00  Marauder x2  
  137  12:02  Marine x2  
  121  12:12  Marine  
  121  12:14  Marine  
Show
View Real Time Build Order
Export as new Build Order

Harstem Protoss - Winner!

Build Orders: 1 Gate Expand, Oracle Opening, Phoenix Opening 

Get SALT Encoding   

  12  0:00  Probe  
  13  0:12  Probe  
  14  0:17  Pylon  
  14  0:24  Probe (Chrono Boost)  
  15  0:36  Probe (Chrono Boost)  
  15  0:37  Gateway  
  16  0:44  Probe (Chrono Boost)  
  16  0:47  Assimilator  
  17  0:50  Probe  
  18  1:03  Probe  
  20  1:22  Nexus  
  19  1:31  Cybernetics Core  
  19  1:35  Probe  
  20  1:42  Assimilator  
  19  1:47  Probe  
  19  1:51  Pylon  
  20  1:59  Probe  
  21  2:04  Adept (Chrono Boost)  
  23  2:11  Probe  
  24  2:19  Stargate  
  24  2:24  Adept (Chrono Boost), Probe  
  27  2:34  Warp Gate, Probe (Chrono Boost)  
  29  2:42  Probe (Chrono Boost)  
  30  2:44  Probe (Chrono Boost)  
  30  2:47  Adept  
  30  2:49  Probe (Chrono Boost)  
  30  2:51  Probe  
  34  3:00  Probe  
  34  3:03  Probe  
  36  3:06  Oracle (Chrono Boost)  
  36  3:12  Probe  
  40  3:15  Probe  
  40  3:17  Pylon  
  41  3:24  Probe  
  42  3:27  Probe  
  41  3:36  Phoenix (Chrono Boost), Probe  
  41  3:39  Probe  
  45  3:47  Gateway  
  45  3:48  Probe  
  45  3:51  Probe  
  45  3:54  Nexus  
  47  4:00  Probe  
  48  4:03  Phoenix (Chrono Boost), Probe  
  51  4:12  Probe  
  51  4:17  Shield Battery  
  54  4:19  Pylon  
  52  4:33  Adept, Probe  
  52  4:35  Probe  
  50  4:44  Phoenix (Chrono Boost)  
  50  4:45  Probe  
  48  4:47  Probe  
  48  4:48  Adept  
  51  4:57  Probe  
  51  4:59  Probe  
  53  5:07  Phoenix (Chrono Boost)  
  55  5:09  Adept x2, Probe  
  55  5:10  Pylon  
  55  5:11  Probe x2  
  55  5:14  Assimilator  
  62  5:21  Probe  
  62  5:23  Probe x2  
  62  5:27  Gateway  
  65  5:32  Pylon  
  65  5:33  Phoenix (Chrono Boost), Probe  
  65  5:35  Probe x2  
  69  5:42  Adept x2  
  74  5:45  Probe  
  74  5:47  Probe, Pylon  
  74  5:48  Probe  
  77  5:52  Shield Battery  
  77  5:57  Probe  
  77  5:59  Probe  
  77  6:00  Probe  
  77  6:03  Adept x2  
  76  6:06  Phoenix  
  76  6:10  Probe  
  77  6:11  Probe  
  77  6:12  Probe  
  77  6:16  Gateway  
  77  6:18  Twilight Council  
  77  6:22  Assimilator  
  77  6:23  Adept, Forge  
  77  6:24  Adept  
  81  6:28  Probe  
  81  6:31  Probe  
  81  6:32  Phoenix (Chrono Boost)  
  85  6:34  Pylon  
  85  6:39  Forge  
  86  6:45  Nexus  
  86  6:46  Probe  
  84  6:55  Phoenix  
  84  6:58  Probe  
  87  7:01  Charge (Chrono Boost)  
  87  7:02  Probe  
  87  7:03  Zealot x2, Sentry, Protoss Ground Armor Level 1 (Chrono Boost)  
  87  7:04  Probe  
  87  7:06  Protoss Ground Weapons Level 1 (Chrono Boost)  
  95  7:10  Probe  
  95  7:11  Assimilator  
  96  7:16  Probe  
  96  7:20  Probe, Gateway  
  96  7:22  Probe  
  99  7:23  Gateway  
  99  7:24  Gateway  
  99  7:29  Probe  
  100  7:30  Gateway  
  100  7:34  Zealot x2, Robotics Facility  
  104  7:37  Zealot  
  104  7:39  Pylon  
  104  7:40  Probe  
  104  7:44  Zealot  
  109  7:45  Pylon  
  109  7:51  Pylon  
  109  7:53  Shield Battery  
  109  7:55  Pylon  
  109  7:57  Probe, Pylon  
  110  8:03  Probe  
  110  8:04  Zealot x4  
  119  8:07  Probe x2  
  119  8:09  Probe  
  119  8:11  Templar Archives  
  122  8:16  Probe  
  122  8:17  Zealot  
  122  8:18  Warp Prism (Chrono Boost)  
  122  8:19  Probe x2  
  129  8:27  Zealot x3  
  129  8:28  Robotics Bay  
  129  8:29  Zealot, Assimilator  
  129  8:33  Zealot x2  
  141  8:35  Zealot  
  141  8:40  Photon Cannon  
  141  8:51  Immortal (Chrono Boost)  
  141  8:53  High Templar x4  
  141  8:54  Zealot x3  
  141  8:55  Protoss Ground Armor Level 2 (Chrono Boost)  
  159  8:57  Pylon  
  159  8:58  Pylon  
  159  9:00  Archon x2, Probe  
  158  9:09  Protoss Ground Weapons Level 2 (Chrono Boost)  
  158  9:20  Gateway  
  158  9:21  Nexus, Zealot x2, Stalker  
  158  9:22  Gateway  
  158  9:23  Colossus (Chrono Boost)  
  162  9:29  Pylon  
  168  9:35  Extended Thermal Lance  
  159  9:45  Zealot x5  
  159  9:46  Zealot x3  
  141  10:07  Zealot x5, Colossus (Chrono Boost)  
  141  10:08  Zealot x3  
  161  10:15  Robotics Facility  
  153  10:33  Zealot x10  
  165  10:40  Blink (Chrono Boost)  
  163  10:45  Probe  
  163  10:46  Probe x2  
  163  10:47  Probe, Pylon  
  167  10:53  Stalker x8  
  167  10:54  Zealot  
  185  10:59  Observer (Chrono Boost)  
  192  11:06  Zealot  
  192  11:08  Colossus (Chrono Boost)  
  192  11:09  Probe  
  192  11:10  Shield Battery  
  195  11:22  Disruptor (Chrono Boost)  
  196  11:26  Pylon  
  196  11:31  Pylon  
  175  11:57  Zealot x4  
  175  11:58  Zealot x6  
  189  12:04  Observer (Chrono Boost)  
  186  12:14  Probe  
  186  12:15  Probe  
  184  12:16  Photon Cannon x2  
  184  12:19  Stalker x3  
  165  12:27  Photon Cannon  
Tags
 
Add a new tag
Caveats
  • Supply blocks, unpowered buildings, or Contaminate may cause inaccurate times.
  • Supply counts are checked every 10 seconds.